 Dungeon Crawl Stone Soup version 0.30-a0-218-gedb9141078 (webtiles) character file.

Game seed: 12095583589861921848

4641 themarg the Grappler (level 10, -6/96 HPs)
             Began as a Troll Fighter on Oct 5, 2022.
             Was an Elder of Okawaru.
             Mangled by a troll (11 damage)
             ... on level 8 of the Dungeon.
             The game lasted 00:25:05 (7924 turns).

themarg the Grappler (Troll Fighter)                Turns: 7924, Time: 00:25:06

Health: -6/96      AC:  8    Str: 30    XL:     10   Next: 20%
Magic:  7/9        EV: 10    Int:  4    God:    Okawaru [****..]
Gold:   577        SH: 11    Dex:  9    Spells: 9/9 levels left

rFire   . . .      SeeInvis .      - Unarmed
rCold   . . .      Faith    .    b - +0 kite shield
rNeg    . . .      Spirit   .    a - +0 robe
rPois   .          Reflect  .    (helmet restricted)
rElec   .          Harm     .    (no cloak)
rCorr   .          Rampage  .    (gloves unavailable)
Will    .....                    (boots unavailable)
Stlth   +++.......               B - amulet of regeneration
HPRegen 1.96/turn                u - +4 ring of protection
MPRegen 0.11/turn                (no ring)

@: heroic
A: large, unfitting armour, claws 3, regeneration 1, shaggy fur 1, tough skin 1
a: Renounce Religion, Heroism, Finesse


You were on level 8 of the Dungeon.
You worshipped Okawaru.
Okawaru was greatly pleased with you.
You visited 1 branch of the dungeon, and saw 9 of its levels.
You also visited: Bailey.

You collected 577 gold pieces.

Inventory:

Missiles
 p - 26 poisoned darts (quivered)
 q - a throwing net
 x - 2 datura-tipped darts
Armour
 a - a +0 robe (worn)
 b - a +0 kite shield (worn)
Jewellery
 j - a ring of ice
 o - an amulet of the acrobat
 s - a ring of wizardry
 u - a +4 ring of protection (left claw)
 B - an amulet of regeneration (around neck)
Wands
 l - a wand of quicksilver (2)
 F - a wand of mindburst (28)
Scrolls
 e - a scroll of fear {unknown}
 f - 2 scrolls of poison
 g - a scroll of magic mapping
 i - a scroll of immolation {unknown}
 k - a scroll of blinking {unknown}
 n - 2 scrolls of noise {unknown}
 r - a scroll of acquirement {unknown}
 v - 2 scrolls of identify
 w - a scroll of enchant armour {unknown}
 y - 2 scrolls of amnesia {unknown}
 A - a scroll of vulnerability {unknown}
 D - 3 scrolls of teleportation {unknown}
 G - 2 scrolls of enchant weapon {unknown}
 K - a scroll of silence {unknown}
Potions
 c - 2 potions of might
 d - 7 potions of mutation
 h - 3 potions of curing
 m - 4 potions of attraction
 t - 3 potions of magic {unknown}
 z - a potion of brilliance {unknown}
 C - 7 potions of heal wounds {unknown}
 E - a potion of flight {unknown}
 H - 3 potions of haste
 I - a potion of cancellation {unknown}
 J - a potion of invisibility {unknown}


   Skills:
 * Level 5.5(10.5) Fighting
 + Level 3.3(8.3) Throwing
 - Level 2.4(7.4) Dodging
 * Level 7.5(12.5) Shields
 - Level 11.0(16.0) Unarmed Combat


You had 9 spell levels left.
You didn't know any spells.
Your spell library contained the following spells:

 Spells                   Type           Power      Damage    Failure   Level
 Apportation              Tloc           0%         N/A       67%         1
 Necrotise                Necr           0%         1d4       67%         1
 Shock                    Conj/Air       0%         1d3       67%         1
 Cigotuvi's Dreadful Rot  Necr/Pois/Air  0%         N/A       82%         2
 Poisonous Vapours        Pois/Air       0%         N/A       82%         2
 Hailstorm                Conj/Ice       0%         3d3       96%         3
 Mephitic Cloud           Conj/Pois/Air  0%         N/A       96%         3
 Swiftness                Air            0%         N/A       96%         3
 Airstrike                Air            0%         2d(0-16)  100%        4
 Ice Form                 Ice/Tmut       0%         N/A       100%        4
 Summon Small Mammal      Summ           Unusable   N/A       N/A         1
 Simulacrum               Ice/Necr       Unusable   N/A       N/A         6

Dungeon Overview and Level Annotations

Branches:
Dungeon (9/15)             Temple (0/1) D:4          Bailey (visited)
   Lair: D:8-11         Orc: D:9-12

Altars:
Elyvilon
Gozag
Hepliaklqana
Makhleb
Okawaru
Qazlal
Trog
Wu Jian

Shops:
D:5 :

Annotations:
D:5 2 transporters, Tollund's ghost, novice KoCj
D:8 exclusions: downstairs and 2 upstairs


Innate Abilities, Weirdness & Mutations

You are too large for most types of armour.
You have claws for hands.
Your natural rate of healing is unusually fast.
You are covered in fur. (AC +1)
You have tough skin. (AC +1)


Message History

You scratch the wyvern but do no damage.
The wyvern bites you!
You closely miss the wyvern. The wyvern bites you!
You closely miss the wyvern. The wyvern bites you.
An orc wizard comes into view. It is wielding a +0 dagger.
The wyvern barely misses you.
You claw the wyvern!
The wyvern is heavily wounded.
The wyvern closely misses you.
You scratch the wyvern.
The wyvern is severely wounded.
The wyvern bites you!
An orc priest comes into view. It is wielding a +0 dagger.
You barely miss the wyvern.
The wyvern is severely wounded.
The wyvern bites you! The troll bites you! The troll claws you. x2
The wyvern bites you but does no damage.
You block the wyvern's attack. The troll bites you!
The troll barely misses you. x2
You climb upwards.
Level annotation: exclusions: downstairs and 2 upstairs
There is a stone staircase leading down here.
You scratch the wyvern.
The wyvern is almost dead.
The wyvern bites you! The troll bites you. The troll claws you!
* * * LOW HITPOINT WARNING * * *
You block the troll's attack.
The wyvern bites you but does no damage.
You fail to use your ability.
The wyvern bites you but does no damage.
The troll bites you!
* * * LOW HITPOINT WARNING * * *
The troll claws you.
* * * LOW HITPOINT WARNING * * *
The troll claws you but does no damage.
You gain the combat prowess of a mighty hero.
The wyvern bites you.
* * * LOW HITPOINT WARNING * * *
The troll bites you!
You die...

####### #.# ......#
#.# ##8###### #.#
......'.# ####.#
8###8##.###....#
......#.....######
#######..........#
#.#.#.#####.####l#
#.#.#.# #.# #@#
.<#.#.## #.# #T#
###....## #.# #.#
###.....###.# #.#
............# #.#
##......#.### #.#
..........######.#
###..............##
###...............#


You could see a troll and a wyvern.

Vanquished Creatures
  An orc knight (Bailey)
  Joseph (D:7)
  Prince Ribbit (D:5)
  Sigmund (D:2)
  A wyvern (D:8)
  Menkaure (D:6)
  Edmund (D:6)
  2 water moccasins
  2 orc warriors (D:8)
  2 black bears
  2 ice beasts
  An ogre (D:6)
  2 centaurs (D:7)
  3 kobold brigands
  A phantom (D:4)
  Blork the orc (D:6)
  3 bullfrogs
  A necrophage (D:5)
  4 scorpions
  6 killer bees (D:6)
  2 howler monkeys
  A lava snake (D:8)
  5 hounds
  2 jellies (D:4)
  4 orc priests
  2 iguanas
  3 orc wizards (D:8)
  14 gnolls
  7 adders
  2 shadow imps
  A white imp (D:6)
  An ufetubus (D:7)
  10 dart slugs
  50 orcs
  7 bats
  7 endoplasms
  3 giant cockroaches
  9 goblins
  8 hobgoblins
  16 jackals (D:1)
  7 quokkas
  5 ball pythons
  4 frilled lizards
  19 kobolds
  2 rats
228 creatures vanquished.

Notes
Turn   | Place    | Note
-------+----------+-------------------------------------------
     0 | D:1      | themarg the Troll Fighter began the quest for the Orb.
     0 | D:1      | Reached XP level 1. HP: 22/22 MP: 0/0
   106 | D:1      | Reached XP level 2. HP: 29/29 MP: 1/1
   153 | D:1      | Reached skill level 3 in Unarmed Combat
   178 | D:1      | Reached XP level 3. HP: 19/36 MP: 2/2
   605 | D:1      | Found a faded altar of an unknown god.
   610 | D:1      | Prayed at the altar of an unknown god.
   610 | D:1      | Became a worshipper of Warmaster Okawaru
   610 | D:1      | Reached * piety under Okawaru
   923 | D:2      | Reached XP level 4. HP: 43/44 MP: 3/3
  1354 | D:2      | Noticed Sigmund
  1370 | D:2      | Killed Sigmund
  1370 | D:2      | Reached ** piety under Okawaru
  1371 | D:2      | Reached skill level 5 in Unarmed Combat
  1371 | D:2      | Reached XP level 5. HP: 30/50 MP: 4/4
  1589 | D:3      | Reached XP level 6. HP: 59/59 MP: 5/5
  2296 | D:3      | Found a bloodstained altar of Trog.
  2632 | D:4      | Reached skill level 6 in Unarmed Combat
  2702 | D:4      | Reached XP level 7. HP: 65/66 MP: 6/6
  2873 | D:4      | Reached *** piety under Okawaru
  2874 | D:4      | Reached skill level 5 in Shields
  2874 | D:4      | Reached skill level 7 in Unarmed Combat
  2950 | D:4      | Found a staircase to the Ecumenical Temple.
  3330 | D:5      | Entered Level 5 of the Dungeon
  3346 | D:5      | Reached skill level 8 in Unarmed Combat
  3389 | D:5      | Found an ornate altar of the Wu Jian Council.
  3412 | D:5      | Noticed Prince Ribbit
  3435 | D:5      | Killed Prince Ribbit
  3436 | D:5      | Reached XP level 8. HP: 57/74 MP: 7/7
  3471 | D:5      | Found a burning altar of Makhleb.
  3614 | D:5      | Reached skill level 9 in Unarmed Combat
  3687 | D:5      | Found a transporter.
  3716 | D:5      | Noticed Tollund's ghost (novice KoCj)
  3731 | D:5      | Found Felots's Book Shop.
  3758 | D:5      | Found a transporter.
  4208 | D:6      | Noticed Menkaure
  4216 | D:6      | Killed Menkaure
  4217 | D:6      | Reached skill level 10 in Unarmed Combat
  4448 | D:6      | Noticed Blork the orc
  4450 | D:6      | Reached **** piety under Okawaru
  4450 | D:6      | Received a gift from Okawaru
  4463 | D:6      | Killed Blork the orc
  4544 | D:6      | Reached skill level 11 in Unarmed Combat
  4544 | D:6      | Reached XP level 9. HP: 50/80 MP: 8/8
  4900 | D:6      | Noticed Edmund
  4911 | D:6      | Killed Edmund
  4996 | D:6      | Found a hazy altar of Hepliaklqana.
  4996 | D:6      | Found an opulent altar of Gozag.
  4997 | D:6      | Found a white marble altar of Elyvilon.
  5553 | D:7      | Reached skill level 1 in Throwing
  5637 | D:7      | Found a stormy altar of Qazlal.
  5890 | D:7      | Noticed Joseph
  6451 | D:7      | Killed Joseph
  6514 | D:8      | Found a flagged portal.
  6585 | Bailey   | Entered a bailey
  6727 | Bailey   | Reached skill level 5 in Fighting
  6808 | Bailey   | Noticed an orc knight
  6814 | Bailey   | Killed an orc knight
  6815 | Bailey   | Reached XP level 10. HP: 77/93 MP: 6/9
  7460 | D:8      | Noticed a green ugly thing
  7924 | D:8      | Mangled by a troll

Illustrated notes

Levels and vault maps discovered:
D:1:      minmay_arrival_semitransparent, layout_loops_cross,
          chequers_ecumenical_altar_lobes
D:2:      layout_loops_ring, minmay_heptomino_h4, uniq_sigmund
D:3:      layout_loops_corners, mainiacjoe_overflow_six_doors_small
D:4:      minmay_chambers_of_twos, layout_basic, temple_hall
D:5:      layout_loops_ring, nzn_wu_jian_contemplation, lightli_temple_of_fire,
          serial_shops, nicolae_diamond_shop, gammafunk_ghost_stat_death,
          uniq_prince_ribbit1
D:6:      layout_basic, chequers_temple_overflow_statue_of_worship,
          serial_rivers, chequers_serial_rivers_micro_c,
          chequers_serial_rivers_room_a, chequers_serial_rivers_large_b,
          chequers_serial_rivers_marsh, chequers_serial_rivers_micro_d,
          chequers_serial_rivers_micro_b, uniq_edmund, uniq_menkaure,
          uniq_blork_the_orc
D:7:      layout_basic, mainiacjoe_overflow_paths, uniq_joseph
D:8:      cheibrodos_elevator_heist, layout_loops_ring, enter_bailey_8,
          kennysheep_island_fort
D:9:      layout_cave_pods, kennysheep_little_box, erik_orc_2,
          hangedman_decor_slide_cut

Skill      XL: |  1  2  3  4  5  6  7  8  9 |
---------------+----------------------------+-----
Shields        | 3 4 5 7 |  7.5
Unarmed Combat | 3 5 6 8 11 | 11.0
Fighting       | 5 |  5.5
Throwing       | 3 |  3.3
Dodging        | |  2.4

Action                   |  1- 3 |  4- 6 |  7- 9 | 10-12 || total
-------------------------+-------+-------+-------+-------++-------
Melee: Unarmed           |   128 |   174 |   372 |    44 ||   718
Throw: Dart              |       |       |    13 |       ||    13
Invok: Heroism           |       |       |     2 |     1 ||     3
  Use: Scroll            |       |     4 |     2 |       ||     6
Armor: Robe              |    43 |    38 |    88 |    15 ||   184
Dodge: Dodged            |    49 |    69 |   143 |    12 ||   273
Block: Kite shield       |    44 |    56 |   144 |    15 ||   259

Table legend: (Time is in decaauts)
 A = Elapsed time spent in this place.
 B = Non-inter-level travel time spent in this place.
 C = Inter-level travel time spent in this place.
 D = Time resting spent in this place.
 E = Time spent auto-exploring this place.
 F = Levels seen in this place.
 G = Mean time per level.
                   A        B        C        D        E       F      G
               +--------+--------+--------+--------+--------+-----+--------+
         Total |   7943 |   7707 |    236 |    272 |   5527 |  10 |  794.3 |
       Dungeon |   7635 |   7399 |    236 |    257 |   5527 |   9 |  848.3 |
        Bailey |    308 |    308 |      0 |     15 |      0 |   1 |  308.0 |
               +--------+--------+--------+--------+--------+-----+--------+

Top non-repeatable levels by time:
     D:6: 1441 daAuts
     D:8: 1115 daAuts
     D:7: 976 daAuts
     D:4: 910 daAuts
     D:3: 869 daAuts
     D:1: 826 daAuts
     D:5: 749 daAuts
     D:2: 738 daAuts
  Bailey: 308 daAuts
     D:9: 7 daAuts
